 Dungeon Crawl Stone Soup version 0.25.1-2-g60ff931df9 (webtiles) character file.

Game seed: 5829626449540994520

332 nikku the Chiller (level 6, -3/32 HPs)
             Began as a Deep Elf Ice Elementalist on Nov 24, 2020.
             Slain by Menkaure (17 damage)
             ... on level 4 of the Dungeon.
             The game lasted 00:11:17 (3846 turns).

nikku the Chiller (Deep Elf Ice Elementalist)       Turns: 3846, Time: 00:11:17

Health: -3/32      AC:  3    Str:  7    XL:     6   Next: 26%
Magic:  11/16      EV: 19    Int: 20    God:
Gold:   224        SH:  0    Dex: 15    Spells: 4/16 levels left

rFire    . . .     SeeInvis .   l - +0 rapier
rCold    . . .     Gourm    .   (no shield)
rNeg     . . .     Faith    .   a - +1 robe
rPois    .         Spirit   .   (no helmet)
rElec    .         Reflect  .   (no cloak)
rCorr    .         Harm     .   (no gloves)
MR       .....                  (no boots)
Stlth    ++........             (no amulet)
HPRegen  0.10/turn              k - +4 ring of evasion
MPRegen  0.15/turn              (no ring)

@: frozen ramparts
A: no striking features
a: no special abilities


You were on level 4 of the Dungeon.
You were not hungry.

You visited 1 branch of the dungeon, and saw 4 of its levels.

You collected 224 gold pieces.

Inventory:

Hand Weapons
 l - a +0 rapier (weapon)
Missiles
 e - 103 stones (quivered)
Armour
 a - a +1 robe (worn)
Jewellery
 k - a +4 ring of evasion (left hand)
Scrolls
 b - 3 scrolls of blinking
 h - 2 scrolls of amnesia
 m - a scroll of identify
 n - a scroll of magic mapping
 o - 2 scrolls of remove curse
 p - a scroll of enchant armour
Potions
 d - a potion of magic
 f - a potion of haste {unknown}
 g - 2 potions of curing
 j - 2 potions of lignification
Comestibles
 c - 9 rations
 i - a chunk of flesh


   Skills:
 + Level 5.0 Dodging
 - Level 2.4 Stealth
 + Level 5.7 Spellcasting
 + Level 5.9 Ice Magic


You had 4 spell levels left.
You knew the following spells:

 Your Spells              Type           Power        Failure   Level  Hunger
a - Freeze                Ice            ####         1%          1    None
b - Hailstorm             Conj/Ice       ###.....     30%         4    ####...
c - Frozen Ramparts       Ice            ####..       2%          3    ##.....
d - Summon Ice Beast      Ice/Summ       ###.....     30%         4    ####...

Your spell library contained the following spells:

 Spells                   Type           Power        Failure   Level  Hunger
 Ozocubu's Armour         Chrm/Ice       ###.....     10%         3    ##.....


Dungeon Overview and Level Annotations

Branches:
Dungeon (4/15)
 Temple: D:4-7

Altars:
Dithmenos
Okawaru

Annotations:
D:4 Menkaure


Message History

The walls around you are covered in ice.
Menkaure resists.
The wall freezes Menkaure.
Menkaure casts a spell at you. Pain shoots through your body!
Menkaure completely resists.
The wall freezes Menkaure but do no damage.
Menkaure's bandages flutter.
Menkaure barely misses you.
Menkaure completely resists.
The wall freezes Menkaure but do no damage.
Menkaure misses you.
Casting: Frozen Ramparts (dangerous; 2% risk of failure)
Confirm with . or Enter, or press ? or * to list all spells.
Aiming: Freeze (safe; 1% risk of failure)
Press: ? - help, Shift-Dir - straight line, f/p - Menkaure
Aim: Menkaure (moderately damaged, fast) Menkaure resists.
You freeze Menkaure.
Menkaure is moderately damaged.
Menkaure resists.
The wall freezes Menkaure.
Menkaure hits you!
Ouch! That really hurt!
You die...

# #.###.##.......... #
#.#....+.......... #
#.....##.......... #
#.#.)#<#.......... #
#.#..#.#.......... #
###....#.#..........
#(#########.....##.#..........
##
#....{.(....#M####....########
.###.######.##.#@# ####.#
............##.#.# #.#
..##.#########.#.# #.# ..# #
..... ### .(.# #.#.## ......
.##+# ........ .. ........ ..
........ ..


You could see Menkaure (fast).

Vanquished Creatures
  A necrophage (D:3)
  Blork the orc (D:4)
  An orc wizard (D:4)
  A bullfrog skeleton (D:4)
  4 adders
  3 oozes
  2 worms (D:2)
  2 dart slugs
  2 leopard geckos
  7 orcs
  2 giant cockroaches
  6 goblins
  7 hobgoblins
  A quokka (D:3)
  3 ball pythons
  3 bats
  6 frilled lizards
  4 kobolds
  7 rats
63 creatures vanquished.

Vanquished Creatures (others)
  2 ghouls (D:1)
  2 minotaurs (D:1)
  An elf (D:1)
  2 dwarves (D:1)
  A centaur (D:1)
  2 ogres (D:1)
  A mummy (D:1)
  An orc (D:1)
  4 tentacles (D:1)
16 creatures vanquished.

Grand Total: 79 creatures vanquished

Notes
Turn   | Place    | Note
-------+----------+-------------------------------------------
     0 | D:1      | nikku the Deep Elf Ice Elementalist began the quest for the
                  | Orb.
     0 | D:1      | Reached XP level 1. HP: 10/10 MP: 6/6
     0 | D:1      | Noticed a centaur
     0 | D:1      | Noticed an ogre
     0 | D:1      | Noticed a ghoul
     0 | D:1      | Noticed a minotaur
     0 | D:1      | Noticed a kraken
     0 | D:1      | Noticed an elf
     0 | D:1      | Noticed an ogre
     0 | D:1      | Noticed a dwarf
     0 | D:1      | Noticed a ghoul
     0 | D:1      | Noticed a minotaur
     0 | D:1      | Noticed a dwarf
     5 | D:1      | Killed a ghoul
     5 | D:1      | Killed a centaur
     7 | D:1      | Killed an ogre
    10 | D:1      | Killed a minotaur
    11 | D:1      | Killed an elf
    11 | D:1      | Killed a dwarf
    13 | D:1      | Killed a dwarf
    13 | D:1      | Killed a minotaur
    15 | D:1      | Killed a ghoul
    16 | D:1      | Killed an ogre
   437 | D:1      | Reached XP level 2. HP: 15/15 MP: 6/8
  1115 | D:1      | Learned a level 1 spell: Freeze
  1273 | D:2      | Reached XP level 3. HP: 15/19 MP: 6/10
  1278 | D:2      | Learned a level 3 spell: Frozen Ramparts
  1835 | D:2      | Found a shadowy altar of Dithmenos.
  2153 | D:2      | Reached skill level 5 in Ice Magic
  2344 | D:2      | Reached XP level 4. HP: 24/24 MP: 8/12
  2717 | D:3      | Found an iron altar of Okawaru.
  2795 | D:3      | Noticed a necrophage
  2815 | D:3      | Killed a necrophage
  2815 | D:3      | Reached skill level 5 in Spellcasting
  2815 | D:3      | Reached XP level 5. HP: 19/28 MP: 5/14
  2821 | D:3      | Learned a level 4 spell: Hailstorm
  2826 | D:3      | Learned a level 4 spell: Summon Ice Beast
  3175 | D:4      | Noticed Blork the orc
  3192 | D:4      | Killed Blork the orc
  3308 | D:4      | Reached XP level 6. HP: 32/32 MP: 11/16
  3446 | D:4      | Reached skill level 5 in Dodging
  3830 | D:4      | Noticed Menkaure
  3846 | D:4      | Slain by Menkaure

Illustrated notes

Levels and vault maps discovered:
D:1:      nicolae_arrival_kraken_aquarium_a, layout_basic
D:2:      layout_basic, grunt_dithmenos_smoke
D:3:      layout_rooms, okawaru_trees_1, nrook_uturn
D:4:      minmay_clustersquares, layout_basic, first_ration, uniq_grinder,
          uniq_blork_the_orc, uniq_menkaure

Skill      XL: |  1  2  3  4  5  6 |
---------------+-------------------+-----
Dodging        | 3 4 5 |  5.0
Spellcasting   | 4 5 |  5.7
Ice Magic      | 5 |  5.9
Stealth        | |  2.4

Action                   |  1- 3 |  4- 6 || total
-------------------------+-------+-------++-------
Melee: Rapier            |     1 |     4 ||     5
Throw: Stone             |    66 |    19 ||    85
 Cast: Freeze            |    49 |    51 ||   100
       Frozen Ramparts   |     3 |    12 ||    15
  Use: Scroll            |     7 |     5 ||    12
 Stab: Sleeping          |     1 |       ||     1
  Eat: Chunk             |     4 |     5 ||     9
Armor: Robe              |     3 |     4 ||     7
Dodge: Dodged            |    18 |    52 ||    70
